Map: Романтицид РВ

Players

SenseiTapok

  • Race: Terran Terran
  • League: Master

MaLiBu

  • Race: Terran Terran
  • League: Master

Kantara

  • Race: Terran Terran
  • League: Diamond
  • Spawn Location: 5:00

ArChViLe

  • Race: Terran Terran
  • League: Master
  • Spawn Location: 11:00

VOD

Have the link to the VOD?

Description

Time

  • Played on: Nov. 7, 2020, 10:45 a.m.
  • Length: 8:28
Show
View Real Time Build Order
Export as new Build Order

SenseiTapok Terran 

Build Orders:  

Get SALT Encoding   

Show
View Real Time Build Order
Export as new Build Order

MaLiBu Terran 

Build Orders:  

Get SALT Encoding   

Show
View Real Time Build Order
Export as new Build Order

Kantara Terran 

Build Orders:  

Get SALT Encoding   

  12  0:00  SCV  
  13  0:13  SCV  
  14  0:17  Supply Depot  
  14  0:25  SCV  
  15  0:39  SCV  
  15  0:40  Barracks  
  16  0:45  Refinery  
  16  0:51  SCV  
  17  1:03  SCV  
  18  1:15  SCV  
  19  1:29  Supply Depot  
  19  1:30  Barracks Reactor, Orbital Command  
  19  1:33  Barracks  
  19  1:46  Refinery  
  19  1:56  SCV  
  19  2:00  Engineering Bay  
  20  2:05  Marine x2  
  20  2:08  SCV  
  23  2:16  Factory  
  23  2:22  Barracks Tech Lab  
  23  2:23  SCV, Marine x2  
  26  2:31  Supply Depot  
  26  2:35  SCV  
  27  2:41  Marine  
  27  2:42  Terran Infantry Weapons Level 1  
  28  2:44  Marine  
  28  2:45  Marine  
  28  2:47  SCV  
  31  2:59  Marine  
  31  3:02  Marine  
  33  3:05  Starport, Marine  
  33  3:10  SCV  
  35  3:14  Supply Depot  
  35  3:17  Factory Reactor  
  35  3:22  Marine  
  35  3:24  Marine  
  37  3:33  Stimpack  
  37  3:37  Marine  
  37  3:39  SCV  
  39  3:42  Marine  
  40  3:57  Marine  
  40  4:01  Medivac  
  43  4:08  Command Center, Marine x2  
  45  4:10  Medivac  
  45  4:16  Supply Depot  
  47  4:28  Supply Depot  
  47  4:37  Marine x2  
  49  4:39  Terran Infantry Armor Level 1  
  49  4:44  Barracks  
  49  4:48  Marine  
  49  4:52  SCV  
  51  4:55  Marine x2  
  53  5:04  SCV  
  53  5:06  Marine  
  55  5:11  Medivac  
  55  5:12  Medivac  
  55  5:13  Marine x2  
  42  5:29  Marine  
  42  5:31  Marine x2  
  42  5:33  Barracks Reactor  
  44  5:41  Medivac  
  46  5:47  Marine  
  46  5:49  Marine x2  
  49  5:54  Combat Shield  
  49  6:00  SCV  
  50  6:04  Marine  
  50  6:06  Orbital Command, Marine x2  
  53  6:12  Marine x2  
  55  6:22  Marine  
  55  6:24  SCV, Marine  
  58  6:29  Supply Depot  
  49  6:36  SCV, Marine x3  
  53  6:40  Marine  
  53  6:41  SCV  
  53  6:42  Marine  
  56  6:52  Armory  
  56  6:54  Marine x3  
  56  6:55  SCV  
  56  6:58  Marine  
  56  7:00  Marine  
  62  7:12  Marine  
  62  7:13  SCV  
  62  7:14  SCV  
  65  7:15  Marine  
  65  7:16  Marine x2  
  65  7:18  Marine  
  69  7:25  SCV  
  69  7:26  SCV  
  69  7:29  Marine  
  71  7:30  Medivac x2  
  71  7:33  Marine  
  77  7:44  Marine, SCV x2  
  73  7:56  Marine x3  
  73  7:57  Marine  
  68  8:02  Marine  
Show
View Real Time Build Order
Export as new Build Order

ArChViLe Terran 

Build Orders:  

Get SALT Encoding   

  12  0:00  SCV  
  13  0:12  SCV  
  14  0:17  Supply Depot  
  14  0:24  SCV  
  14  0:28  Refinery  
  15  0:39  SCV  
  16  0:45  Barracks  
  16  0:51  SCV  
  16  0:55  Refinery  
  17  1:03  SCV  
  18  1:15  SCV  
  19  1:32  Reaper, Orbital Command  
  20  1:35  Factory  
  20  1:52  Supply Depot  
  20  1:58  SCV  
  21  2:04  Reaper  
  22  2:10  SCV  
  23  2:19  Supply Depot  
  23  2:21  Hellion  
  25  2:24  SCV  
  26  2:30  Command Center  
  26  2:36  Reaper, SCV  
  28  2:44  Hellion  
  28  2:50  SCV  
  31  2:58  Starport  
  31  3:03  SCV  
  32  3:07  Factory Tech Lab  
  32  3:14  Barracks Reactor  
  32  3:15  SCV  
  33  3:26  Cyclone  
  36  3:27  SCV  
  36  3:36  Starport Tech Lab  
  36  3:43  Orbital Command  
  36  3:44  Refinery  
  36  3:46  SCV  
  35  3:50  Marine x2  
  37  4:00  SCV  
  38  4:05  Raven  
  40  4:11  SCV  
  40  4:12  SCV  
  40  4:13  Marine x2  
  44  4:18  Command Center  
  44  4:21  Siege Tank  
  44  4:23  SCV  
  48  4:25  SCV  
  48  4:31  Marine x2  
  50  4:40  SCV  
  50  4:41  SCV  
  52  4:51  Marine x2  
  54  5:01  Supply Depot  
  54  5:02  Supply Depot  
  54  5:11  SCV x2, Raven, Siege Tank, Marine  
  53  5:25  SCV  
  53  5:26  Marine  
  53  5:27  SCV  
  49  5:29  Marine  
  50  5:38  SCV  
  50  5:40  SCV  
  52  5:43  Siege Tank  
  52  5:45  Barracks  
  52  5:46  Barracks, Orbital Command  
  52  5:47  Marine  
  52  5:49  Marine  
  57  5:50  SCV  
  57  5:52  SCV  
  59  6:00  Raven  
  59  6:02  SCV  
  59  6:04  SCV  
  63  6:10  Marine  
  63  6:11  Marine  
  65  6:14  SCV  
  65  6:16  SCV x2  
  66  6:26  SCV  
  66  6:28  SCV x2  
  68  6:35  Barracks Tech Lab  
  68  6:36  Barracks Reactor  
  68  6:38  SCV  
  69  6:40  SCV x2  
  69  6:41  Supply Depot  
  69  6:42  Siege Tank  
  73  6:49  Engineering Bay  
  73  6:50  SCV, Engineering Bay  
  73  6:52  SCV x2  
  76  6:57  Marine x2  
  78  7:02  SCV  
  78  7:04  SCV x2  
  81  7:08  Refinery  
  81  7:13  Viking  
  81  7:14  Marine, Viking, SCV  
  81  7:15  Marine x2  
  89  7:16  SCV x2  
  91  7:26  SCV  
  91  7:27  Refinery  
  91  7:28  SCV x2, Refinery  
  94  7:31  Supply Depot  
  94  7:32  Supply Depot  
  94  7:33  Marine  
  94  7:36  Siege Tank, Marine  
  98  7:39  Marine  
  98  7:40  Marine  
  98  7:43  Engineering Bay  
  100  7:46  Engineering Bay  
  88  7:59  SCV, Marine x2  
  88  8:02  SCV  
  88  8:03  Marine  
  88  8:04  Marine  
  81  8:12  SCV  
  84  8:14  SCV  
Tags
 
Add a new tag
Caveats
  • Supply blocks, unpowered buildings, or Contaminate may cause inaccurate times.
  • Supply counts are checked every 10 seconds.